[Event "41st OBSenEM 2025"]
[Site "Berlin"]
[Date "2025.02.06"]
[Round "3.4"]
[White "Matitschka, Heinz"]
[Black "Syre, Christian"]
[Result "1-0"]
[Annotator "TA"]
[ECO "A56"]
[WhiteElo "1943"]
[BlackElo "2150"]
[PlyCount "69"]
[EventDate "2025.02.04"]
[EventType "swiss"]
[EventCountry "GER"]
[SourceTitle "playchess.com"]
[Source "ChessBase"]
[SourceQuality "1"]
[TimeControl "40/5400+30:1800+30"]

1. d4 Nf6 2. c4 c5 3. d5 e5 4. Nc3 d6 5. e4 Be7 6. Nge2 h5 {[%emt 0:06:51][%cal Bh7h5,Bh5h4][%mdl 32] A56: Czech Benoni.} 7. Ng3 g6 8. Be2 Nbd7 {[%emt 0:16:19] White is slightly better.} 9. Bd2 Nh7 $146 (9... a6 10. a3 Nh7 11. Nf1 Bg5 12. Ne3 b6 13. g3 h4 14. Ng2 h3 15. Ne3 O-O {0-1 Joly,L (2160)-Syska,A (2243) FRA-chT2 East 0607 2006 (7.4)}) 10. Qa4 h4 11. Nf1 {[%emt 0:01:56] White is much more active.} Bg5 12. Ne3 O-O {[%emt 0:00:17] Black is weak on the light squares} 13. O-O-O a6 14. g3 b5 15. cxb5 Nb6 16. Qb3 axb5 17. Nxb5 (17. Bxb5 $16 Ba6 18. Rhf1) 17... Nf6 18. f3 Ne8 (18... Nh5 $11) 19. Rhg1 Kh8 (19... Ba6 $142) 20. Rdf1 (20. gxh4 $142 Bxh4 21. Kb1) 20... Bh3 $16 21. Rf2 Bd7 (21... c4 $16 22. Nxc4 (22. Bxc4 $2 {is the wrong capture.} Bxe3 23. Bxe3 Nxc4 $19) 22... Nxc4 23. Bxc4 Qb6 24. Bxg5 Qxf2) 22. f4 $18 Bf6 (22... Be7 {might work better.} 23. Kb1 Nf6) 23. f5 Bxb5 (23... c4 $142 24. Bxc4 gxf5) 24. Bxb5 Nc7 $2 {[%emt 0:00:29] [#]} (24... c4 25. Bxc4 (25. Nxc4 Nxc4 26. Qxc4 Bg5 $18) 25... Bg7) 25. Bc6 {[%emt 0:02:27][%csl LRa8,LRb6] White is clearly winning.} Rb8 26. Qd1 Bg5 27. gxh4 Bf4 28. fxg6 fxg6 29. Rxg6 Qxh4 {[%emt 0:00:01] [#]} 30. Rxf4 $1 Rxf4 31. Nf5 Rxf5 32. exf5 {[%emt 0:00:45] and Rh6+ should not be overlooked} Qc4+ 33. Kb1 Qe4+ 34. Ka1 Qxf5 35. Qg1 {[%emt 0:00:24] Weighted Error Value: White=0.16 (very precise) /Black=0.89  Mistake:       	White=2     	Black=6      Inaccurate:     	White=2     	Black=3      OK:         	White=5     	Black=5      Best:        	---       	Black=1} 1-0

[Event "41st OBSenEM 2025"]
[Site "Berlin"]
[Date "2025.02.07"]
[Round "4.1"]
[White "Heinig, Wolfram"]
[Black "Ahlberg, Matthias"]
[Result "1/2-1/2"]
[Annotator "NA RC"]
[ECO "D13"]
[WhiteElo "2196"]
[BlackElo "2067"]
[PlyCount "25"]
[EventDate "2025.02.04"]
[EventType "swiss"]
[EventCountry "GER"]
[SourceTitle "playchess.com"]
[Source "ChessBase"]
[SourceQuality "1"]
[TimeControl "40/5400+30:1800+30"]

1. d4 c6 2. c4 d5 3. Nf3 Nf6 4. cxd5 cxd5 5. Nc3 Nc6 6. Bf4 Bg4 7. Ne5 Bd7 8. e3 a6 9. Bd3 e6 10. O-O Be7 11. Rc1 Rc8 12. Nxd7 Nxd7 13. Qe2 1/2-1/2

[Event "41st OBSenEM 2025"]
[Site "Berlin"]
[Date "2025.02.07"]
[Round "4.2"]
[White "Matitschka, Heinz"]
[Black "Postler, Reinhard"]
[Result "0-1"]
[Annotator "NA RC"]
[ECO "D46"]
[WhiteElo "1943"]
[BlackElo "2189"]
[PlyCount "74"]
[EventDate "2025.02.04"]
[EventType "swiss"]
[EventCountry "GER"]
[SourceTitle "playchess.com"]
[Source "ChessBase"]
[SourceQuality "1"]
[TimeControl "40/5400+30:1800+30"]

1. d4 d5 2. c4 c6 3. Nf3 Nf6 4. e3 e6 5. Nbd2 Nbd7 6. Bd3 Bd6 7. e4 dxe4 8. Nxe4 Nxe4 9. Bxe4 Nf6 10. Bc2 c5 11. O-O cxd4 12. Bg5 h6 13. Bh4 Bd7 14. Re1 Qb6 15. b4 Qxb4 16. Nxd4 O-O-O 17. Rb1 Qa5 18. Qf3 Qc7 19. Bxf6 gxf6 20. Be4 b6 21. c5 Bxc5 22. Rec1 Ba4 23. Nc6 f5 24. Rxc5 bxc5 25. Nxa7+ Qxa7 26. Bb7+ Kd7 27. Qa3 Ke7 28. Bc6 Rb8 29. Rxb8 Rxb8 30. h3 Rb4 31. Bf3 Rb1+ 32. Kh2 Qc7+ 33. g3 Bd7 34. Qe3 Rb2 35. Kg2 Qd6 36. Qxh6 Qd4 37. Qg5+ Kd6 0-1

[Event "41st OBSenEM 2025"]
[Site "Berlin"]
[Date "2025.02.07"]
[Round "4.3"]
[White "Schubert, Hans Joachim"]
[Black "Meister, Jakob"]
[Result "1/2-1/2"]
[Annotator "TA"]
[ECO "B32"]
[WhiteElo "2064"]
[BlackElo "2418"]
[PlyCount "163"]
[EventDate "2025.02.04"]
[EventType "swiss"]
[EventCountry "GER"]
[SourceTitle "playchess.com"]
[Source "ChessBase"]
[SourceQuality "1"]
[TimeControl "40/5400+30:1800+30"]

1. e4 c5 2. Nf3 Nc6 3. d4 cxd4 4. Nxd4 e5 5. Nb3 Nf6 6. Bg5 h6 {[%emt 0:00:21] B32: Sicilian: Löwenthal and Kalashnikov Variations.} 7. Bxf6 Qxf6 8. a3 Qg6 9. Nc3 Be7 10. Qd3 O-O 11. Qg3 $146 (11. O-O-O Rd8 12. Nd5 Bf8 13. f3 Ne7 14. Ne3 d6 15. g4 Nc6 16. h4 a6 17. Be2 {0-1 Merz,N (1644)-Reznik,L (1863) Mecklenburg VP LL2 West 0708 2007 (6.5)}) 11... Qxg3 12. hxg3 d6 13. Bc4 Be6 14. Bd5 Rac8 15. O-O-O a6 16. Rdf1 b5 17. f4 (17. Na2 {simplifies} Bxd5 18. exd5 Nb8 19. Kb1) 17... Nd4 18. Kb1 Nxb3 19. cxb3 Bf6 20. f5 Bd7 {[%emt 0:02:02] Black is weak on the light squares} 21. b4 Rb8 22. Rd1 Rfd8 23. Bb3 Bc6 24. Bd5 Be8 25. Bb3 Bg5 26. Rd3 Bc6 27. Rhd1 Be7 28. Bd5 Be8 29. Bb3 Kf8 30. g4 Rbc8 31. Nd5 {[%emt 0:05:04] Strong Square White (d5)} Bc6 32. Nc3 Bb7 (32... Be8 $11) 33. Bd5 $14 Bxd5 34. Nxd5 Rc4 35. Re1 {[%emt 0:04:16] White is more active.} Bg5 {[%emt 0:02:33] [#]} 36. Re2 (36. Rc3 $1 $16) 36... Rc1+ $11 37. Ka2 Rdc8 38. Kb3 Ke8 39. Rf3 R8c6 40. Rc3 R6xc3+ 41. bxc3 {[%emt 0:30:30][%mdl 4096] Endgame KRB-KRN} Kd7 42. Rc2 (42. a4 $11) 42... Rb1+ $17 (42... Re1 43. c4 Rxe4 44. cxb5 axb5 45. Nc7 $15 (45. Rc7+ Kd8 $17)) 43. Ka2 $1 Re1 44. c4 Bd8 {[%emt 0:06:32] [#]} ({Black should try} 44... Rxe4 $15 45. cxb5 axb5) 45. a4 $1 {[%emt 0:09:02] The position is equal.} bxa4 (45... Rxe4 46. cxb5 axb5 (46... Rxg4 $2 47. bxa6 Rd4 48. a7 $18) 47. a5 (47. axb5 $2 Rd4 $19) 47... Bxa5 (47... Rxg4 $2 48. a6 $18) 48. bxa5 Ra4+ 49. Kb3 Rxa5 50. Rc7+ Ke8 51. Rc8+ Kd7 52. Rg8 $18) 46. b5 $1 axb5 (46... Rxe4 $2 {too greedy.} 47. bxa6 Kc8 48. Rb2 $18) 47. cxb5 {[%emt 0:00:18] Black must now prevent b6.} Rxe4 {[%emt 0:03:34][%cal Oe4d4] and ...Rd4! would now be decisive} 48. b6 Bxb6 49. Nxb6+ $11 {[%emt 0:00:22] KRN-KR} Ke7 50. Nd5+ Kd8 51. Rc6 Rxg4 52. Rxd6+ Ke8 53. Ne3 Re4 54. Rd3 h5 55. Kb2 Ke7 56. Kc2 Kf6 57. g3 Kg5 58. Rc3 g6 59. fxg6 Kxg6 60. Kd3 Rb4 61. Ke2 h4 62. gxh4 Rxh4 63. Rc6+ Kg5 64. Rc8 Rd4 65. Rg8+ Kf6 66. Ng4+ Ke6 67. Re8+ Kd6 68. Ne3 Rf4 {[%emt 0:00:00] Repels Nf5+} 69. Rd8+ Kc6 70. Rc8+ Kb7 71. Rc5 f6 72. Nd5 Re4+ 73. Kf3 f5 74. Nc3 Rd4 75. Rxe5 Rd3+ 76. Re3 Rxe3+ 77. Kxe3 {[%emt 0:00:00] KN-KPP} a3 78. Kf4 Kc6 79. Kxf5 Kc5 80. Ke4 Kc4 81. Na2 $1 Kb3 82. Kd3 {[%emt 0:00:00] Weighted Error Value: White=0.09 (flawless) /Black=0.09 (flawless)   Mistake:       	White=2     	Black=2      Inaccurate:     	White=6     	Black=5      OK:         	White=31    	Black=35     Best:        	White=2     	Black=2      Strong:       	White=3     	---} 1/2-1/2

[Event "41st OBSenEM 2025"]
[Site "Berlin"]
[Date "2025.02.07"]
[Round "4.4"]
[White "Jurkatis, Hagen"]
[Black "Niehaus, Frank"]
[Result "1/2-1/2"]
[Annotator "NA RC"]
[ECO "A48"]
[WhiteElo "1952"]
[BlackElo "2109"]
[PlyCount "33"]
[EventDate "2025.02.04"]
[EventType "swiss"]
[EventCountry "GER"]
[SourceTitle "playchess.com"]
[Source "ChessBase"]
[SourceQuality "1"]
[TimeControl "40/5400+30:1800+30"]

1. Nf3 Nf6 2. d4 g6 3. Bg5 Bg7 4. Nbd2 O-O 5. c3 d6 6. e4 c5 7. dxc5 dxc5 8. Be2 Qc7 9. O-O Nc6 10. Re1 Rd8 11. Qc2 b6 12. Bf1 h6 13. Bh4 Nh5 14. a4 Bg4 15. Bc4 Na5 16. Bf1 Nc6 17. Bc4 1/2-1/2

[Event "41st OBSenEM 2025"]
[Site "Berlin"]
[Date "2025.02.08"]
[Round "5.1"]
[White "Postler, Reinhard"]
[Black "Heinig, Wolfram"]
[Result "1/2-1/2"]
[Annotator "TA"]
[WhiteElo "2189"]
[BlackElo "2196"]
[PlyCount "17"]
[EventDate "2025.02.04"]
[EventType "swiss"]
[EventCountry "GER"]
[SourceTitle "playchess.com"]
[Source "ChessBase"]
[SourceQuality "1"]
[TimeControl "40/5400+30:1800+30"]

1. e4 c6 2. d4 d5 3. exd5 cxd5 4. Bd3 Nf6 5. c3 Qc7 6. Ne2 {[%emt 0:01:06] B13: Caro-Kann: Exchange Variation and Panov-Botvinnik Attack.} Bg4 7. Qc2 Bh5 $146 (7... e6 8. Bf4 Bd6 9. Bxd6 Qxd6 10. O-O Nc6 11. Na3 a6 12. Qd2 Bh5 13. Nc2 Bg6 {1-0 Shubin,K (2416)-Sargsyan,T (2321) World ol U16 2019 (5.9)}) 8. Bf4 Qd7 9. Ng3 {[%emt 0:01:09] Black did not feel at home in the position after the opening.   Weighted Error Value: White=0.09 (flawless) /Black=0.07 (flawless)   OK:         	White=1     	Black=1} 1/2-1/2

[Event "41st OBSenEM 2025"]
[Site "Berlin"]
[Date "2025.02.08"]
[Round "5.2"]
[White "Ahlberg, Matthias"]
[Black "Knops, Peter"]
[Result "1-0"]
[Annotator "NA RC"]
[ECO "C01"]
[WhiteElo "2067"]
[BlackElo "1987"]
[PlyCount "67"]
[EventDate "2025.02.04"]
[EventType "swiss"]
[EventCountry "GER"]
[SourceTitle "playchess.com"]
[Source "ChessBase"]
[SourceQuality "1"]
[TimeControl "40/5400+30:1800+30"]

1. e4 e6 2. d4 d5 3. Bd3 dxe4 4. Bxe4 Nf6 5. Bf3 c5 6. Ne2 Nc6 7. c3 cxd4 8. Bxc6+ bxc6 9. Nxd4 Qc7 10. O-O Bd6 11. h3 O-O 12. Qc2 Bb7 13. Bg5 Kh8 14. c4 c5 15. Nb5 Qc6 16. f3 Be7 17. Nd2 a6 18. Nc3 Qc7 19. Nde4 Bxe4 20. fxe4 Qe5 21. Be3 Bd6 22. Rf3 Be7 23. Rd1 Qc7 24. Bf4 Qc6 25. Bg5 Ng8 26. Bf4 Nf6 27. Rdf1 h6 28. e5 Nh7 29. Bxh6 f5 30. exf6 Bxf6 31. Be3 Bd4 32. Rxf8+ Rxf8 33. Rxf8+ Nxf8 34. Qf2 1-0

[Event "41st OBSenEM 2025"]
[Site "Berlin"]
[Date "2025.02.08"]
[Round "5.3"]
[White "Zaeske, Winfried"]
[Black "Federau, Juergen"]
[Result "0-1"]
[Annotator "NA RC"]
[ECO "B90"]
[WhiteElo "1978"]
[BlackElo "2124"]
[PlyCount "52"]
[EventDate "2025.02.04"]
[EventType "swiss"]
[EventCountry "GER"]
[SourceTitle "playchess.com"]
[Source "ChessBase"]
[SourceQuality "1"]
[TimeControl "40/5400+30:1800+30"]

1. e4 c5 2. Nf3 d6 3. d4 cxd4 4. Nxd4 Nf6 5. Nc3 a6 6. Bc4 b5 7. Bb3 Bb7 8. O-O Nbd7 9. f4 Nxe4 10. Nxe4 Bxe4 11. Re1 d5 12. Kh1 Nc5 13. f5 Qd7 14. Qh5 Qd6 15. Be3 g6 16. Qh3 Bg7 17. Rad1 O-O 18. Rf1 Rac8 19. Qg4 e5 20. fxe6 fxe6 21. Rxf8+ Rxf8 22. c3 Qe5 23. Nc6 Bxg2+ 24. Qxg2 Qxe3 25. Qg4 Nd3 26. Ne7+ Kh8 0-1

[Event "41st OBSenEM 2025"]
[Site "Berlin"]
[Date "2025.02.08"]
[Round "5.4"]
[White "Meister, Jakob"]
[Black "Baranowsky, Peter"]
[Result "1-0"]
[Annotator "TA"]
[ECO "D31"]
[WhiteElo "2418"]
[BlackElo "1912"]
[PlyCount "36"]
[EventDate "2025.02.04"]
[EventType "swiss"]
[EventCountry "GER"]
[SourceTitle "playchess.com"]
[Source "ChessBase"]
[SourceQuality "1"]
[TimeControl "40/5400+30:1800+30"]

1. d4 d5 2. c4 e6 3. Nc3 c6 4. Nf3 Nd7 5. e4 dxe4 6. Nxe4 {[%emt 0:00:30] D31: Queen's Gambit Declined: Semi-Slav without ...Nf6 (+ Marshall Gambit and Noteboom) and Exchange Variation lines without ...Nf6.} Bb4+ 7. Bd2 Be7 8. Bd3 {[%emt 0:02:09] White is slightly better.} c5 $146 (8... Ngf6 9. O-O O-O 10. Qe2 c5 11. dxc5 Nxc5 12. Nxc5 Bxc5 13. Bc3 Qe7 14. Rad1 Rd8 {½-½ Stern,R (2538)-Abel,D (2441) Wch Rapid Berlin 2015 (4)}) 9. Bc3 cxd4 10. Nxd4 Ngf6 11. Qe2 {[%emt 0:00:42] White has more active pieces. The black rooks are passive.} Nc5 12. Nxc5 Bxc5 {[%emt 0:00:31] [#]} 13. Nb3 (13. O-O-O $142 $1) 13... Be7 14. O-O-O Bd7 15. g4 {[%emt 0:00:42][%cal Bg2g4,Bg4g5][%mdl 32] g5 would now be deadly.} O-O $2 {[%emt 0:17:26] This costs Black the game.} (15... h6 $16) 16. g5 Ne8 17. h4 f6 $2 {[%emt 0:05:27] [#]} (17... Qc7 $18 18. Kb1 Rd8) 18. Bxh7+ $1 Kf7 {[%emt 0:04:22] Weighted Error Value: White=0.08 (flawless) /Black=0.78  Mistake:       	White=1     	Black=2      Inaccurate:     	---       	Black=3      OK:         	White=5     	Black=3      Brilliant:      	White=1     	---} (18... Kxh7 19. Qh5+) 1-0

[Event "41st OBSenEM 2025"]
[Site "Berlin"]
[Date "2025.02.10"]
[Round "6.1"]
[White "Federau, Juergen"]
[Black "Postler, Reinhard"]
[Result "1-0"]
[Annotator "TA"]
[ECO "D30"]
[WhiteElo "2124"]
[BlackElo "2189"]
[PlyCount "80"]
[EventDate "2025.02.04"]
[EventType "swiss"]
[EventCountry "GER"]
[SourceTitle "playchess.com"]
[Source "ChessBase"]
[SourceQuality "1"]
[TimeControl "40/5400+30:1800+30"]

1. d4 d5 2. c4 c6 3. e3 Nf6 4. Nf3 e6 5. Bd3 dxc4 6. Bxc4 Nbd7 7. O-O b5 8. Bd3 Bb7 9. Qe2 {[%emt 0:23:15] D30: Queen's Gambit Declined: Systems without Nc3.} a6 10. a4 Be7 11. Nbd2 {[%emt 0:15:11] White has an edge.} Nd5 12. Nb3 $146 (12. Rd1 Nb4 13. Bb1 O-O 14. e4 c5 15. e5 cxd4 16. Nxd4 Nxe5 17. Qxe5 Bf6 18. Qe2 Qxd4 {½-½ Laylo,D (2433)-Garma,C (2325) PHI-ch Manila 2017 (10)}) 12... Nb4 13. Bb1 a5 (13... bxa4 $11 14. Rxa4 a5) 14. Rd1 Qb6 15. axb5 cxb5 16. e4 a4 17. Nbd2 Rc8 (17... O-O $11) 18. Nf1 (18. b3 $14) 18... O-O $11 19. Ng3 Rfd8 20. h4 Bf8 21. h5 Qc6 22. Bf4 Qc4 23. Qe3 Nc2 24. Bxc2 Qxc2 25. Rd2 Qc4 26. h6 g6 27. Ne5 Nxe5 (27... Qb4 $11) 28. Bxe5 $14 Be7 {[%emt 0:03:34] Wards off Qg5} 29. Qf4 (29. Nh5 $1 $16 {[%cal Oe5f6] Bf6! is the strong threat.} gxh5 30. Qg3+ Kf8 31. Qg7+ Ke8 32. Qxh7) 29... g5 ({Black should try} 29... f6 $14 30. Bxf6 Rf8) 30. Qf3 (30. Qg4 $1 $16) 30... f5 31. Qd1 Rf8 (31... Qc6 $14) 32. f3 ({White has to play} 32. b3 $1 $16 Qxb3 33. Qxb3 axb3 34. Ra7) 32... f4 33. Ne2 Bb4 34. Rc1 Qb3 (34... Bxd2 35. Rxc4 Be3+ 36. Kh2 Rxc4 37. b3 axb3 38. Qxb3) 35. Rdc2 (35. Qxb3 {simplifies} axb3 36. Rd3 Be7 37. Bg7) 35... Rc4 36. Rxc4 bxc4 {[%emt 0:00:14] [#]} (36... Qxd1+ $11 37. Rxd1 bxc4) 37. Qxb3 $1 $16 cxb3 {[%emt 0:00:10] [#]} 38. Rc7 ({Don't play} 38. Rc4 $6 a3 39. Rxb4 a2 40. Rxb7 (40. Ra4 $2 Ra8 $19) 40... Rf7 (40... a1=B 41. Rg7+ Kh8 42. Rxg5+) (40... a1=Q+ 41. Kh2 $11) 41. Rb8+ (41. Rxb3 a1=Q+ 42. Kh2 Qe1 $19) 41... Rf8 $11) 38... Rf7 {[%emt 0:00:08] Hoping for ...Rxc7.} 39. Rc4 {[%emt 0:00:10] White is more active.} Ba6 (39... Bd2 $16 {might work better.}) 40. Rxb4 $18 Rb7 {[%emt 0:00:03] Weighted Error Value: White=0.22 (precise) /Black=0.33  Mistake:       	White=4     	Black=9      Inaccurate:     	White=5     	Black=3      OK:         	White=10    	Black=8      Best:        	White=2     	Black=3      Strong:       	White=1     	---} (40... Bxe2 $142 41. Rxa4 (41. Kf2 a3 $16) 41... g4) 1-0

[Event "41st OBSenEM 2025"]
[Site "Berlin"]
[Date "2025.02.10"]
[Round "6.2"]
[White "Meister, Jakob"]
[Black "Ahlberg, Matthias"]
[Result "1-0"]
[Annotator "TA"]
[ECO "A07"]
[WhiteElo "2418"]
[BlackElo "2067"]
[PlyCount "71"]
[EventDate "2025.02.04"]
[EventType "swiss"]
[EventCountry "GER"]
[SourceTitle "playchess.com"]
[Source "ChessBase"]
[SourceQuality "1"]
[TimeControl "40/5400+30:1800+30"]

1. Nf3 c6 2. g3 d5 3. Bg2 Nf6 4. O-O Bf5 5. d3 h6 6. Nbd2 e6 7. Rb1 {[%emt 0:00:38] A07: Réti Opening: New York and Capablanca Systems.} Be7 8. b4 O-O 9. c4 {[%emt 0:00:59] The position is equal.} Nbd7 10. b5 a6 (10... Rc8 $11) 11. bxc6 $16 bxc6 12. Nd4 Qc7 $146 (12... Rc8 13. Nxf5 exf5 14. Bb2 Qc7 15. Qc2 Bd6 16. e3 Rb8 17. Rfc1 Rfc8 18. Bxf6 Rxb1 19. Qxb1 Nxf6 20. cxd5 {1-0 Gonzalez,J-Colon,S Barbera del Valles op 1995 (5)}) 13. Nxf5 exf5 14. Qc2 {[%emt 0:01:05] [#] Hoping for cxd5.} Rac8 15. Nf3 h5 16. Bd2 Bd6 17. e3 Ne5 (17... Rfe8 $16) 18. Nxe5 $18 Bxe5 {[%emt 0:00:16] [#]} 19. d4 $1 Bd6 20. Qxf5 Qe7 21. cxd5 g6 22. Qd3 cxd5 23. Rb6 $1 {[%emt 0:01:50] Prevents Rc6} (23. Qxa6 $6 Ra8 24. Qb7 Qe6 $16) 23... h4 24. Rxa6 (24. gxh4 Bxh2+ 25. Kh1 Ne4 26. Kxh2 Qc7+ (26... Qxh4+ 27. Kg1 $16) 27. Kg1 Qxb6 28. Bxe4 dxe4 29. Qxe4 Rfe8 $17) (24. Qxa6 Ra8 25. Qb5 Rxa2) 24... Ne4 25. Be1 Rc1 (25... hxg3 {was called for.} 26. hxg3 Ra8) 26. f3 (26. Qb3 $18 Rd8 27. Qxd5) 26... Nxg3 $2 (26... Nf6 $16 27. gxh4 Rfc8) 27. hxg3 hxg3 28. Bd2 Rc4 29. Rb1 Rfc8 30. f4 Bb4 (30... Qe6 $142 31. Ra5 Kg7 32. Rxd5 (32. Bxd5 Qh3 $18) 32... Rc2) 31. Bxd5 Kg7 32. Bxc4 Qh4 33. Qe2 (33. Rxb4 $2 {leads to mate.} Qh2+ 34. Kf1 Qf2#) 33... Rh8 34. Bd5 (34. Bxb4 $2 Qh1#) 34... Bxd2 35. Qxd2 {[%emt 0:00:30] White threatens Rb7 and mate.} Qg4 36. Ra7 {[%emt 0:22:26] Black got outplayed after the opening.   Weighted Error Value: White=0.12 (very precise) /Black=1.07  Loses game:     	---       	Black=1      Mistake:       	White=1     	Black=4      OK:         	White=11    	Black=5      Best:        	White=3     	Black=1} 1-0

[Event "41st OBSenEM 2025"]
[Site "Berlin"]
[Date "2025.02.10"]
[Round "6.3"]
[White "Heinig, Wolfram"]
[Black "Schubert, Hans Joachim"]
[Result "1-0"]
[Annotator "TA"]
[ECO "A80"]
[WhiteElo "2196"]
[BlackElo "2064"]
[PlyCount "91"]
[EventDate "2025.02.04"]
[EventType "swiss"]
[EventCountry "GER"]
[SourceTitle "playchess.com"]
[Source "ChessBase"]
[SourceQuality "1"]
[TimeControl "40/5400+30:1800+30"]

1. d4 f5 2. Bg5 c5 3. dxc5 Qa5+ 4. Nc3 Qxc5 5. e4 fxe4 6. Nxe4 {[%emt 0:00:38] A80: Dutch Defence: Unusual White second moves.} Qb4+ 7. Nd2 {[%emt 0:00:18] White is much more active. The black bishops are passive.} Nc6 8. Ngf3 {[%emt 0:02:41] White is better.} h6 $146 (8... Qxb2 9. Bd3 Nb4 10. O-O Nxd3 11. cxd3 Nf6 12. Nc4 Qc3 13. Re1 e6 14. a3 b5 {1-0 Kierzek,M (2228)-Schubert,H (2064) GER-ch Seniors 65 32nd 2020 (1)}) 9. Be3 Nf6 (9... e6 $16) 10. Bd3 $18 e5 11. Bg6+ Kd8 {[%emt 0:00:01][%cal Ob4g4] [#]} 12. O-O (12. c4 $1 $18) 12... Qg4 $16 13. Bf7 d5 {[%emt 0:02:08] Prevents Nc4.} 14. c3 {[%emt 0:09:56] A sharp opening} Bd6 15. Nb3 Ne7 {[%emt 0:04:51] White now steadily converts the win.} ({Better is} 15... e4 $14 16. Bxd5 exf3 17. Bxf3 Qd7) 16. Bc5 Qd7 17. Re1 Rf8 $2 (17... e4 $16) 18. Bxd6 $18 (18. Nxe5 Bxe5 19. Bxe7+ Kxe7 $17) 18... Qxd6 19. Nxe5 Kc7 20. Nd4 a6 {[%emt 0:00:35] Prevents Nb5+.} 21. c4 {[%emt 0:15:24][%cal Oc4c5,Bc3c4,Bc4d5][%mdl 32] [#]} Ne4 22. Bxd5 Nxf2 23. Qd2 Nxd5 (23... Ng4 $142 24. Nxg4 Bxg4) 24. cxd5 Bd7 25. Rac1+ Kd8 26. Nxd7 Kxd7 27. Ne6 {[%emt 0:00:26] Threatening mate with Nc5+.} Rf6 28. Rc7+ (28. Nxg7 Nh3+ 29. gxh3 Rg8 $14) (28. Nc5+ $142 Qxc5 29. Rxc5) 28... Ke8 29. Nxg7+ Kf8 30. Rxb7 (30. Re6 $142 Qxc7 31. Rxf6+ Kg8 32. Ne6 (32. Kxf2 Qxg7 33. Qxh6 Qxh6 $18) (32. Qxh6 Ng4 $17)) 30... Kg8 31. Ne8 Nh3+ 32. Kh1 (32. gxh3 $142 Rg6+ 33. Kh1 Qd8 34. Ree7 Qxe8 35. Qc2 (35. Rxe8+ Rxe8 36. d6 Rf8 $18) 35... Qxe7 36. Qxg6+ (36. Rxe7 Rg7 $18) 36... Kf8 37. Qxh6+ (37. Rxe7 Kxe7 38. Qg7+ Kd6 $18) 37... Ke8 38. Qh8+ (38. Rxe7+ Kxe7 39. Qg7+ Kd6 $18) 38... Kf7 39. Qh7+ (39. Qxa8 Qxb7 40. Qxb7+ Kg6 41. d6 Kf6 42. Qe7+ Kf5 43. d7 Kg6 44. d8=Q a5 45. Qg8+ Kh6 46. Qgh7#) 39... Kf6 40. Rxe7 (40. Qxe7+ Kf5 41. Qe6+ Kf4 42. Rf7+ Kg5 43. Qf6+ Kh5 44. Rh7#) 40... Rc8 41. Re6+ Kg5 42. Qh6+ Kf5 43. Qf6#) 32... Rxe8 33. Rxe8+ Rf8 34. Rxf8+ Qxf8 {[%emt 0:00:01] KQR-KQN} 35. Qe2 (35. gxh3 $2 Qf1#) 35... Ng5 36. Re7 Qf4 {[%emt 0:02:24] Prevents d6.} 37. Qe1 {[%emt 0:00:58] and h4 should not be overlooked} (37. Qxa6 $2 {leads to mate.} Qc1+) 37... h5 38. h4 {[%emt 0:00:03] White mates.} Nf7 39. Re4 Qf5 40. Re8+ Kg7 41. Qg3+ Kh6 42. Re6+ Kh7 43. Qf3 (43. Rxa6 Qf1+ 44. Kh2 Qxa6 $11) 43... Qb1+ 44. Kh2 Nh6 45. Qxh5 ({Inferior is} 45. Rxa6 Ng4+ $17) 45... Qc1 46. Re7+ {[%emt 0:00:38] Weighted Error Value: White=0.85/Black=1.21  Loses game:     	---       	Black=1      Mistake:       	White=1     	Black=3      Inaccurate:     	---       	Black=3      OK:         	White=12    	Black=7      Best:        	White=1     	---} 1-0

[Event "41st OBSenEM 2025"]
[Site "Berlin"]
[Date "2025.02.10"]
[Round "6.4"]
[White "Matitschka, Heinz"]
[Black "Niehaus, Frank"]
[Result "0-1"]
[Annotator "NA RC"]
[ECO "A61"]
[WhiteElo "1943"]
[BlackElo "2109"]
[PlyCount "80"]
[EventDate "2025.02.04"]
[EventType "swiss"]
[EventCountry "GER"]
[SourceTitle "playchess.com"]
[Source "ChessBase"]
[SourceQuality "1"]
[TimeControl "40/5400+30:1800+30"]

1. d4 Nf6 2. c4 c5 3. d5 e6 4. Nc3 exd5 5. cxd5 d6 6. Nf3 g6 7. h3 Bg7 8. Bf4 O-O 9. e3 a6 10. a4 Qc7 11. Bd3 Nbd7 12. O-O Ne5 13. Bc2 Nxf3+ 14. Qxf3 Nd7 15. Qg3 Ne5 16. Rfd1 Bd7 17. Ne4 Bf5 18. Bxe5 Bxe5 19. f4 Bxb2 20. Rab1 Bg7 21. Nf6+ Bxf6 22. Bxf5 Rfe8 23. a5 Bg7 24. Bc2 Qxa5 25. Rxb7 Qc3 26. Ba4 Rxe3 27. Qg4 Re1+ 28. Kh2 Rxd1 29. Qxd1 Qf6 30. Qg4 c4 31. Rc7 c3 32. Rc8+ Rxc8 33. Qxc8+ Bf8 34. Qxa6 Qxf4+ 35. Kh1 c2 36. Bxc2 Qc1+ 37. Kh2 Qxc2 38. Qc6 Qe4 39. Qa8 h5 40. Qb7 Bg7 0-1